 Dungeon Crawl Stone Soup version 0.28-a0-983-g1de4e07 (webtiles) character file.

Game seed: 11437270568681885824

146 Ayyar the Insei (level 5, -4/34 HPs)
             Began as an Octopode Transmuter on Dec 2, 2021.
             Slain by a river rat (7 damage)
             ... on level 3 of the Dungeon.
             The game lasted 00:13:07 (2929 turns).

Ayyar the Insei (Octopode Transmuter)               Turns: 2929, Time: 00:13:08

Health: -4/34      AC:  1    Str: 11    XL:     5   Next: 28%
Magic:  8/8        EV: 13    Int: 16    God:
Gold:   57         SH:  0    Dex: 12    Spells: 5/9 levels left

rFire   . . .      SeeInvis .     - Unarmed
rCold   . . .      Faith    .   (no shield)
rNeg    . . .      Spirit   .   (helmet restricted)
rPois   .          Reflect  .   (no amulet)
rElec   .          Harm     .   (no ring)
rCorr   .          Rampage  .   (no ring)
Will    .....                   (no ring)
Stlth   +++.......              (no ring)
HPRegen 0.11/turn               (no ring)
MPRegen 0.11/turn               (no ring)
                                (no ring)
                                (no ring)

@: no status effects
A: almost no armour, amphibious, 8 rings, camouflage 1, gelatinous body 1,
(nimble swimmer 1), tentacles
a: no special abilities


You were on level 3 of the Dungeon.
You visited 1 branch of the dungeon, and saw 3 of its levels.

You collected 57 gold pieces.

Inventory:

Missiles
 g - 12 poisoned darts
Armour
 h - a +0 buckler
Jewellery
 c - an amulet of guardian spirit
Scrolls
 b - a scroll of fog {unknown}
 d - 4 scrolls of identify
 f - a scroll of noise {unknown}
Potions
 a - 2 potions of attraction


   Skills:
 + Level 1.9 Fighting
 + Level 2.7 Dodging
 + Level 1.9 Stealth
 + Level 3.7 Unarmed Combat
 + Level 2.5 Spellcasting
 + Level 2.6 Transmutations
 * Level 1.8 Poison Magic


You had 5 spell levels left.
You knew the following spells:

 Your Spells              Type           Power      Damage    Failure   Level
a - Beastly Appendage     Tmut           20%        N/A       7%          1
b - Spider Form           Tmut/Pois      9%         N/A       24%         3

Your spell library contained the following spells:

 Spells                   Type           Power      Damage    Failure   Level
 Wereblood                Tmut           10%        N/A       10%         2
 Animate Skeleton         Necr           4%         N/A       21%         1
 Apportation              Tloc           4%         N/A       21%         1
 Summon Small Mammal      Summ           8%         N/A       21%         1
 Ice Form                 Ice/Tmut       6%         N/A       75%         4


Dungeon Overview and Level Annotations

Branches:
Dungeon (3/15)

Altars:

Portals:
Sewer: D:3


Innate Abilities, Weirdness & Mutations

You cannot wear most types of armour.
You are amphibious.
You can wear up to eight rings at the same time.
Your skin changes colour to match your surroundings (Stealth+).
Your rubbery body absorbs attacks. (AC +1, EV +1)
((You are camouflaged near water. (Stealth+)))
You have tentacles for arms and can constrict up to eight enemies at once.


Message History

You kill the river rat!
You closely miss the orc. You grab the orc.
You pierce the orc.
The orc is almost dead.
You constrict the orc.
You kill the orc!
Items here: ) ? ††.
The giant cockroach barely misses you.
You tentacle-slap the giant cockroach but do no damage.
You grab the giant cockroach. You constrict the giant cockroach.
The giant cockroach misses you.
You barely miss the giant cockroach.
You pierce the giant cockroach.
The giant cockroach is heavily wounded.
You constrict the giant cockroach.
You kill the giant cockroach!
Your tentacle spike disappears.
The giant cockroach completely misses you.
You tentacle-slap the giant cockroach but do no damage.
Your grab misses the giant cockroach.
Your squeeze misses the giant cockroach.
The giant cockroach completely misses you.
You tentacle-slap the giant cockroach.
You kill the giant cockroach!
Items here: ) ? †††.
A river rat comes into view.
Found a glowing drain.
A rat comes into view.
A rat and a river rat come into view.
The river rat bites you.
* * * LOW HITPOINT WARNING * * *
You barely miss the river rat. You grab the river rat.
You constrict the river rat, but do no damage.
You tentacle-slap the river rat but do no damage.
You constrict the river rat, but do no damage.
The river rat completely misses you.
You barely miss the river rat. You constrict the river rat.
The river rat closely misses you.
You release your grip on the river rat.
The river rat bites you!
* * * LOW HITPOINT WARNING * * *
The river rat bites you!
You die...

#.####.##.#.# #.#
#..#.# #.# ##. .#
####)## . ..
#####.....# #.. #.#
##.........# #.##.#
#..##......######.#$..
#.....................
#...r@......###.......
#...w≈≈≈...## #.......
#...r≈≈≈≈..####.....##
#...≈≈∩≈≈..##.........
#...≈≈≈≈≈..##########.
#....r≈≈...# ##
#.....r....#
##.........#


You could see a worm, 2 river rats and 2 rats.

Vanquished Creatures
  Natasha (D:2)
  2 gnolls (D:1)
  2 adders (D:2)
  A river rat (D:3)
  2 worms
  2 dart slugs
  4 orcs (D:3)
  2 endoplasms (D:1)
  5 giant cockroaches
  5 goblins
  3 hobgoblins
  5 quokkas
  4 ball pythons
  9 bats
  4 frilled lizards
  6 kobolds
  8 rats
65 creatures vanquished.

Notes
Turn   | Place    | Note
-------+----------+-------------------------------------------
     0 | D:1      | Ayyar the Octopode Transmuter began the quest for the Orb.
     0 | D:1      | Reached XP level 1. HP: 13/13 MP: 3/3
   273 | D:1      | Reached XP level 2. HP: 10/18 MP: 3/5
   719 | D:1      | Reached XP level 3. HP: 4/23 MP: 6/6
  1009 | D:1      | Reached skill level 1 in Stealth
  1453 | D:2      | Learned a level 3 spell: Spider Form
  1468 | D:2      | Found a faded altar of an unknown god.
  1518 | D:2      | Reached XP level 4. HP: 24/28 MP: 7/7
  1617 | D:2      | Noticed Natasha
  1624 | D:2      | Killed Natasha
  1744 | D:2      | Reached skill level 1 in Poison Magic
  2656 | D:3      | Reached XP level 5. HP: 34/34 MP: 6/8
  2905 | D:3      | HP: 1/34 [river rat (9)]
  2919 | D:3      | Found a glowing drain.
  2929 | D:3      | Slain by a river rat

Illustrated notes

Levels and vault maps discovered:
D:1:      mrwooster_arrival_arrow, layout_rooms, minmay_small_reverse_x
D:2:      layout_loops_ring, basic_ecumenical_altar, uniq_natasha
D:3:      layout_rooms, portal_sewer_entry_a

Skill      XL: |  1  2  3  4 |
---------------+-------------+-----
Stealth        | 1 |  1.9
Poison Magic   | 1 |  1.8
Fighting       | |  1.9
Dodging        | |  2.7
Unarmed Combat | |  3.7
Spellcasting   | |  2.5
Transmutations | |  2.6

Action                   |  1- 3 |  4- 6 || total
-------------------------+-------+-------++-------
Melee: Unarmed           |    81 |    64 ||   145
       Constrict         |    28 |    22 ||    50
       Kick              |    16 |    12 ||    28
       Tentacles         |     9 |     8 ||    17
       Punch             |     4 |     3 ||     7
 Cast: Beastly Appendage |    18 |    15 ||    33
  Use: Scroll            |       |     1 ||     1
       Potion            |       |     1 ||     1
 Stab: Sleeping          |     4 |     4 ||     8
Armor: Skin              |    12 |     3 ||    15
Dodge: Dodged            |    61 |    39 ||   100

Table legend: (Time is in decaauts)
 A = Elapsed time spent in this place.
 B = Non-inter-level travel time spent in this place.
 C = Inter-level travel time spent in this place.
 D = Time resting spent in this place.
 E = Time spent auto-exploring this place.
 F = Levels seen in this place.
 G = Mean time per level.
                   A        B        C        D        E       F      G
               +--------+--------+--------+--------+--------+-----+--------+
         Total |   2924 |   2731 |    193 |    965 |   1106 |   3 |  974.7 |
       Dungeon |   2924 |   2731 |    193 |    965 |   1106 |   3 |  974.7 |
               +--------+--------+--------+--------+--------+-----+--------+

Top non-repeatable levels by time:
     D:1: 1413 daAuts
     D:2: 1280 daAuts
     D:3: 230 daAuts
